 Dungeon Crawl Stone Soup version 0.28.0-53-g5a82cb258f (webtiles) character file.

Game seed: 3274932627722761065

167 bnorton916 the Magician (level 5, -7/28 HPs)
             Began as a Deep Elf Fire Elementalist on June 18, 2022.
             Killed from afar by an orc wizard (8 damage)
             ... with a magic dart
             ... on level 3 of the Dungeon.
             The game lasted 00:02:29 (2745 turns).

bnorton916 the Magician (DEFE)                      Turns: 2745, Time: 00:02:31

Health: -7/28      AC:  2    Str:  5    XL:     5   Next: 23%
Magic:  11/14      EV: 12    Int: 22    God:
Gold:   111        SH:  0    Dex: 15    Spells: 7/13 levels left

rFire   . . .      SeeInvis .   (no weapon)
rCold   . . .      Faith    .   (no shield)
rNeg    . . .      Spirit   .   a - +0 robe
rPois   .          Reflect  .   (no helmet)
rElec   .          Harm     .   e - scarf {repulsion}
rCorr   .          Rampage  .   (no gloves)
Will    .....                   (no boots)
Stlth   ++........              d - amulet of magic regeneration
HPRegen 0.09/turn               (no ring)
MPRegen 0.54/turn               (no ring)

@: repel missiles
A: no striking features
a: no special abilities


You were on level 3 of the Dungeon.
You visited 1 branch of the dungeon, and saw 3 of its levels.

You collected 111 gold pieces.

Inventory:

Missiles
 b - 73 stones
 l - 4 boomerangs
Armour
 a - a +0 robe (worn)
 e - a scarf of repulsion (worn)
Jewellery
 d - an amulet of magic regeneration (around neck)
Scrolls
 f - a scroll of identify {unknown}
 g - a scroll of teleportation {unknown}
 h - 3 scrolls of enchant armour {unknown}
 i - a scroll of magic mapping {unknown}
Potions
 c - a potion of curing {unknown}
 j - a potion of invisibility {unknown}
 k - a potion of resistance {unknown}


   Skills:
 - Level 2.4 Dodging
 - Level 2.4 Stealth
 + Level 4.9 Spellcasting
 + Level 3.3 Conjurations
 + Level 4.6 Fire Magic


You had 7 spell levels left.
You knew the following spells:

 Your Spells              Type           Power      Damage    Failure   Level
a - Foxfire               Conj/Fire      88%        2x1d8     1%          1
b - Scorch                Fire           50%        2d8       2%          2
c - Conjure Flame         Conj/Fire      22%        6-21      6%          3

Your spell library contained the following spells:

 Spells                   Type           Power      Damage    Failure   Level
 Inner Flame              Hex/Fire       15%        N/A       12%         3
 Flame Wave               Conj/Fire      22%        2d7       21%         4
 Gell's Gravitas          Tloc           5%         N/A       30%         3
 Teleport Other           Tloc           5%         N/A       30%         3
 Dispersal                Tloc           2%         N/A       100%        6


Dungeon Overview and Level Annotations

Branches:
Dungeon (3/15)

Altars:


Message History

The orc is heavily wounded.
The foxfire hits the orc.
The orc is heavily wounded.
The orc hits you with a +0 falchion.
Casting: Foxfire (safe; 1% risk of failure)
Confirm with . or Enter, or press ? or * to list all spells.
You conjure some foxfire!
The orc barely misses you. The orc misses your foxfire.
The orc barely misses your foxfire.
The foxfire hits the orc.
The orc is almost dead.
The foxfire hits the orc.
You kill the orc!
Unknown command.
Casting: Foxfire (safe; 1% risk of failure)
Confirm with . or Enter, or press ? or * to list all spells.
You conjure some foxfire!
The orc hits you with a +0 falchion.
* * * LOW HITPOINT WARNING * * *
The orc wizard hits you with a +0 dagger.
* * * LOW HITPOINT WARNING * * *
The foxfire hits the orc wizard but does no damage.
The foxfire hits the orc.
You kill the orc!
The orc wizard hits you but does no damage.
Unknown command.
Casting: Foxfire (safe; 1% risk of failure)
Confirm with . or Enter, or press ? or * to list all spells.
Flames lash the orc wizard.
The orc wizard is heavily wounded.
The orc wizard's fire resistance burns away.
The orc wizard closely misses you.
The orc wizard hits you with a +0 dagger.
* * * LOW HITPOINT WARNING * * *
Unknown command.
Casting: Scorch (safe; 2% risk of failure)
Confirm with . or Enter, or press ? or * to list all spells.
Flames lash the orc wizard.
The orc wizard is burned terribly!
The orc wizard is severely wounded.
The orc wizard casts a spell at you. The magic dart hits you!
You die...

#........ .....
#........ #....
###........ #....
#.......... #....
#.#.####..# #....
#.#........ ###....
#.#.#####..
....)..#######.########.
...).)o@....##..........
......))..†.........<.#.
............#########...
............##.....###..
............##.....#####
............†......+....
............##.....#####
............##.†...#
...........##.....#


You could see an orc wizard (combustible).

Vanquished Creatures
  A scorpion (D:3)
  2 adders (D:2)
  3 worms (D:2)
  A dart slug (D:2)
  5 orcs (D:3)
  10 bats
  4 endoplasms
  A giant cockroach (D:2)
  6 goblins
  7 hobgoblins
  5 jackals (D:1)
  5 quokkas
  3 ball pythons
  4 frilled lizards
  6 kobolds
  3 rats
66 creatures vanquished.

Vanquished Creatures (collateral kills)
  12 foxfires (D:2)
12 creatures vanquished.

Vanquished Creatures (others)
  267 foxfires
  38 plants (D:2)
305 creatures vanquished.

Grand Total: 383 creatures vanquished

Notes
Turn   | Place    | Note
-------+----------+-------------------------------------------
     0 | D:1      | bnorton916 the Deep Elf Fire Elementalist began the quest
                  | for the Orb.
     0 | D:1      | Reached XP level 1. HP: 10/10 MP: 6/6
   212 | D:1      | Reached XP level 2. HP: 15/15 MP: 1/8
   618 | D:1      | Found a faded altar of an unknown god.
   756 | D:1      | Reached XP level 3. HP: 19/19 MP: 8/10
  1618 | D:2      | Reached XP level 4. HP: 13/24 MP: 12/12
  2167 | D:3      | Learned a level 2 spell: Scorch
  2229 | D:3      | Noticed a scorpion
  2502 | D:3      | Learned a level 3 spell: Conjure Flame
  2576 | D:3      | Killed a scorpion
  2577 | D:3      | Reached XP level 5. HP: 28/28 MP: 8/14
  2744 | D:3      | HP: 1/28 [orc wizard/+0 dagger (2)]
  2745 | D:3      | Killed from afar by an orc wizard

Illustrated notes

Levels and vault maps discovered:
D:1:      erik_arrival_triangle_medium, layout_rooms,
          ebering_ecumenical_altar_hall
D:2:      layout_rooms, serial_bayou, serial_bayou_pond_b, serial_bayou_pond_c,
          serial_bayou_lagoon_a, serial_bayou_pond_c, roderic_lattice_a
D:3:      layout_basic, minmay_fractal_squares_5

Skill      XL: |  1  2  3  4 |
---------------+-------------+-----
Conjurations   | 2 3 |  3.3
Fire Magic     | 4 |  4.6
Spellcasting   | 4 |  4.9
Dodging        | |  2.4
Stealth        | |  2.4

Action                   |  1- 3 |  4- 6 || total
-------------------------+-------+-------++-------
 Cast: Foxfire           |   115 |    50 ||   165
       Scorch            |       |     4 ||     4
Armor: Robe              |     1 |     3 ||     4
Dodge: Dodged            |    14 |     8 ||    22
